 Dungeon Crawl Stone Soup version 0.19-a0-1127-gac58878 (webtiles) character file.

374 epen the Insei (level 7, -1/55 HPs)
             Began as a Human Monk on Aug 12, 2016.
             Slain by an iguana (8 damage)
             ... on level 4 of the Dungeon.
             The game lasted 00:07:18 (5561 turns).

epen the Insei (Human Monk)                         Turns: 5561, Time: 00:07:18

Health: -1/55      AC:  5    Str: 12    XL:     7   Next: 3%
Magic:  8/8        EV: 15    Int: 11    God:
Gold:   206        SH:  0    Dex: 16    Spells: 0 memorised, 8 levels left

rFire  . . .     SeeInvis .     n - +0 short sword (speed)
rCold  . . .     Gourm    .     a - +0 robe
rNeg   + . .     Faith    .     (no shield)
rPois  .         Spirit   .     d - +2 helmet
rElec  .         Dismiss  .     (no cloak)
rCorr  .         Reflect  .     (no gloves)
SustAt .         Harm     .     (no boots)
MR     +....                    (no amulet)
Stlth  ++........               f - ring of positive energy
                                s - ring of protection from magic

@:
A: no striking features
a: no special abilities


You were on level 4 of the Dungeon.
You were not hungry.

You visited 1 branch of the dungeon, and saw 4 of its levels.

You collected 206 gold pieces.

Inventory:

Hand Weapons
 n - a +0 short sword of speed (weapon)
 q - a +1 dagger of holy wrath
Armour
 a - a +0 robe (worn)
 d - a +2 helmet (worn)
Jewellery
 f - a ring of positive energy (right hand)
 p - an uncursed ring of flight
 s - a ring of protection from magic (left hand)
Scrolls
 e - 7 scrolls of identify
 j - 2 scrolls of recharging
 k - 3 scrolls of remove curse
 o - a scroll of enchant armour
 u - a scroll of teleportation
Potions
 c - a potion of cancellation {unknown}
 g - 3 potions of brilliance
 r - a potion of ambrosia {unknown}
 v - 2 potions of heal wounds {unknown}
Books
 m - a book of Party Tricks

   Spells                             Type                      Level
   a - Summon Butterflies             Summoning                    1
   b - Apportation                    Translocation                1
   c - Tukima's Dance                 Hexes                        3
   d - Alistair's Intoxication        Transmutation/Poison         5
   e - Invisibility                   Hexes                        6
Comestibles
 b - 3 bread rations
 h - a meat ration
 i - a fruit
 l - 2 beef jerkies
 t - 2 chunks of flesh


   Skills:
 + Level 4.4 Fighting
 + Level 4.6 Dodging
 - Level 2.1 Stealth
 * Level 5.2 Unarmed Combat
 + Level 1.0 Spellcasting


You had 8 spell levels left.
You didn't know any spells.

Dungeon Overview and Level Annotations

Branches:
Dungeon (4/15)
 Temple: D:4-7

Altars:
Ashenzari

Annotations:
D:4 eragonby's ghost, amateur DECj


Message History

You are too injured to fight recklessly!
You are too injured to fight recklessly!
You hit the iguana but do no damage.
The iguana is almost dead.
You closely miss the iguana.
The iguana is almost dead.
The iguana closely misses you.
You hit the iguana but do no damage.
The iguana is almost dead.
The iguana closely misses you.
You hit the iguana but do no damage.
The iguana is almost dead.
The iguana bites you.
* * * LOW HITPOINT WARNING * * *
You hit the iguana.
The iguana is almost dead.
You barely miss the iguana.
The iguana is almost dead.
The iguana bites you!
You die...

##.###...........# #
#...##..#######..#.#
..W........####..#.#
#...##..##.........#
#######.#
.........<.......###
#..<....# ##.###
########...#
#.####### #.. #.#.#
#.# #.. #.#.# #.# #.
#@# # #.# #l# #.#
### #.# #.###### ...
... #......# (.. ..#
######.# #.. ####
#.# #.W# #.# #...###
#.# #.....# #.#


You could see an iguana.

Vanquished Creatures
  2 scorpions (D:4)
  An orc wizard (D:4)
  Natasha (twice) (D:2)
  A worker ant (D:3)
  Robin (D:1)
  5 adders
  A gnoll (D:1)
  3 worms
  2 dart slugs
  4 giant geckos
  4 orcs (D:4)
  13 bats
  3 giant cockroaches
  7 hobgoblins
  8 jackals
  A quokka (D:3)
  2 ball pythons (D:4)
  4 giant newts
  16 goblins
  8 kobolds
  9 rats
97 creatures vanquished.

Notes
Turn   | Place    | Note
-------+----------+-------------------------------------------
     0 | D:1      | epen the Human Monk began the quest for the Orb.
     0 | D:1      | Reached XP level 1. HP: 18/18 MP: 1/1
   420 | D:1      | Reached XP level 2. HP: 10/24 MP: 2/2
   824 | D:1      | Reached XP level 3. HP: 29/29 MP: 3/3
  1383 | D:2      | Noticed Robin
  1434 | D:2      | Reached XP level 4. HP: 10/35 MP: 4/4
  1896 | D:1      | Killed Robin
  2834 | D:2      | Reached skill level 4 in Unarmed Combat
  2991 | D:2      | Noticed Natasha
  2999 | D:2      | Killed Natasha
  2999 | D:2      | Reached XP level 5. HP: 13/42 MP: 5/5
  3196 | D:2      | Noticed Natasha
  3225 | D:2      | Killed Natasha
  3830 | D:3      | Found a shattered altar of Ashenzari.
  3959 | D:3      | Reached XP level 6. HP: 22/48 MP: 6/6
  4557 | D:4      | HP: 2/48 [poisoned by a scorpion]
  4915 | D:4      | Noticed eragonby's ghost (amateur DECj)
  5072 | D:4      | Reached skill level 5 in Unarmed Combat
  5323 | D:4      | Reached skill level 1 in Spellcasting
  5366 | D:4      | Reached XP level 7. HP: 44/55 MP: 8/8
  5561 | D:4      | Slain by an iguana

Vault maps used:
D:1:      dpeg_arrival_oval, minmay_pentomino_u2
D:2:      uniq_natasha, uniq_robin
D:3:      evilmike_ruin_ashenzari
D:4:      saegor_snake_ambush, uniq_edmund

Skill      XL: |  1  2  3  4  5  6 |
---------------+-------------------+-----
Unarmed Combat | 4 5 |  5.2
Fighting       | 4 |  4.4
Dodging        | 4 |  4.6
Spellcasting   | 1 |  1.0
Stealth        | |  2.1

Action                   |  1- 3 |  4- 6 |  7- 9 || total
-------------------------+-------+-------+-------++-------
Melee: Unarmed           |    73 |       |       ||    73
       Short sword       |    55 |   352 |    41 ||   448
       Punch             |     1 |     7 |     2 ||    10
       Dagger            |       |    27 |       ||    27
  Use: Potion            |     1 |     1 |       ||     2
       Scroll            |       |     9 |       ||     9
 Stab: Sleeping          |     2 |     4 |       ||     6
       Distracted        |       |     3 |       ||     3
  Eat: Chunk             |     1 |     3 |     1 ||     5
       Meat ration       |       |     2 |       ||     2
Armor: Robe              |    24 |    72 |     4 ||   100
Dodge: Dodged            |   125 |   261 |    17 ||   403
